 Dungeon Crawl Stone Soup version 0.30-a0-930-gb9d0489357 (webtiles) character file.

Game seed: 11383230692692754366

263 12sPaWn12 the Trooper (level 6, -2/99 HPs)
             Began as an Ogre Berserker on Mar 23, 2023.
             Was a Priest of Trog.
             Succumbed to a kobold brigand's curare-tipped dart
             ... in a sewer.
             The game lasted 00:05:10 (2764 turns).

12sPaWn12 the Trooper (Ogre Berserker)              Turns: 2764, Time: 00:05:11

Health: -2/99      AC: 23    Str: 24    XL:     6   Next: 19%
Magic:  6/6        EV:  1    Int:  8    God:    Trog [***...]
Gold:   121        SH:  0    Dex:  8    Spells: 5/5 levels left

rFire   . . .      SeeInvis .    a - +0 mace
rCold   . . .      Faith    .    c - orb {*Rage}
rNeg    . . .      Spirit   .    b - melded +0 animal skin
rPois   +          Reflect  .    (helmet currently unavailable)
rElec   .          Rampage  .    (cloak currently unavailable)
rCorr   .          NoTele   +    (gloves unavailable)
Will    .....      Rage     20%  (boots unavailable)
Stlth   +                        (no amulet)
HPRegen 0.36/turn                (no ring)
MPRegen 0.10/turn                (no ring)

@: lethally poisoned (-2 -> -34), tree-form, slowed, very slow
A: stationary, stasis, torment immunity, boosted hp, large, unfitting armour,
(tough skin 1)
a: Renounce Religion, Berserk, Trog's Hand


You were in a sewer.
You worshipped Trog.
Trog was most pleased with you.
You were a tree.
You visited 1 branch of the dungeon, and saw 3 of its levels.
You also visited: Sewer.

You collected 121 gold pieces.

Inventory:

Hand Weapons
 a - a +0 mace (weapon)
Armour
 b - a +0 animal skin (melded)
 c - an orb of wrath (worn)
Scrolls
 h - a scroll of teleportation
 k - a scroll of identify
Potions
 d - a potion of might {unknown}
 i - a potion of cancellation
 m - 2 potions of flight


   Skills:
 * Level 5.3 Fighting
 * Level 4.5 Maces & Flails
 * Level 1.3 Armour
 * Level 3.8 Dodging


You had 5 spell levels left.
You didn't know any spells.
Your spell library was empty.

Dungeon Overview and Level Annotations

Branches:
Dungeon (3/15)              Sewer (1/1)

Altars:

Shops:
D:2 (


Innate Abilities, Weirdness & Mutations

You are a tree.
Your roots penetrate the ground, keeping you stationary.
You cannot be teleported.
You are immune to unholy pain and torment.
Your maximum health is greatly increased.
Your equipment is partially melded.
You are too large for most types of armour.
((You have tough skin. (AC +1)))


Message History

A kobold brigand is wielding a +0 whip and quivering curare-tipped darts.
A kobold brigand is wielding a +0 dagger and quivering curare-tipped darts.
The kobold shouts!
The kobold brigand shouts!
The kobold shouts!
The kobold brigand shouts!
The kobold shouts!
Found five items.
The kobold brigand throws a curare-tipped dart.
The curare-tipped dart barely misses you.
The kobold brigand throws a curare-tipped dart.
The curare-tipped dart closely misses you.
The kobold brigand throws a curare-tipped dart.
The curare-tipped dart hits you.
You are poisoned.
You have difficulty breathing.
You feel yourself slow down.
You feel very sick.
The kobold brigand throws a curare-tipped dart.
The curare-tipped dart hits you.
You are more poisoned.
You have difficulty breathing.
You feel as though you will be slow longer.
You feel extremely sick.
You feel extremely sick.
The kobold brigand throws a curare-tipped dart.
The curare-tipped dart hits you.
You are more poisoned.
You have difficulty breathing.
You feel as though you will be slow longer.
* * * LOW HITPOINT WARNING * * *
You feel extremely sick.
The kobold brigand throws a curare-tipped dart.
The curare-tipped dart hits you.
You are more poisoned.
You have difficulty breathing.
* * * LOW HITPOINT WARNING * * *
You feel as though you will be slow longer.
The kobold brigand throws a curare-tipped dart.
The curare-tipped dart barely misses you.
Really quaff the potion of lignification?
You turn into a tree.
Your +0 animal skin melds into your body.
Your roots penetrate the ground.
You die...

#......~≈≈≈≈≈≈~....##
##.....~≈≈≈≈≈≈~~....#
#..KK#~~≈≈≈≈≈~~....#
#....##~≈≈≈≈≈~....##
#.....#~≈≈≈≈≈~....#
#.....~~~≈≈≈≈~~...##
##.....~~≈≈≈~~~....##
##....~~≈≈≈~.~.....#
#...♣~~≈≈≈~.......#
##.....~≈≈~~~......#
#...#.~††≈~~~.....##
##...##.†~≈~.......#
#...###.†~~~......##
#...##..~~~~~.....####
##.......~~~.....###∩#
##......~~~.....###)#
#......~~.......#..#


You could see 2 kobold brigands.

Vanquished Creatures
  A kobold brigand (Sewer)
  6 adders
  8 river rats
  2 worms
  2 dart slugs
  5 orcs (D:2)
  7 ball pythons
  A bat (D:2)
  5 endoplasms
  A giant cockroach (D:2)
  A goblin (D:2)
  3 quokkas
  3 frilled lizards
  8 kobolds
  19 rats
72 creatures vanquished.

Notes
Turn   | Place    | Note
-------+----------+-------------------------------------------
     0 | D:1      | 12sPaWn12 the Ogre Berserker began the quest for the Orb.
     0 | D:1      | Reached XP level 1. HP: 24/24 MP: 1/1
   259 | D:1      | Reached XP level 2. HP: 20/32 MP: 2/2
  1096 | D:2      | Reached XP level 3. HP: 30/40 MP: 3/3
  1415 | D:2      | Reached XP level 4. HP: 49/49 MP: 4/4
  1445 | D:2      | Found Budaix's Weapon Shop.
  1507 | D:2      | Reached ** piety under Trog
  2132 | D:3      | Found a glowing drain.
  2137 | D:3      | Reached skill level 1 in Armour
  2137 | D:3      | Reached XP level 5. HP: 55/55 MP: 5/5
  2140 | Sewer    | Entered a sewer
  2181 | Sewer    | Noticed a kobold brigand
  2210 | Sewer    | Killed a kobold brigand
  2211 | Sewer    | Reached skill level 5 in Fighting
  2497 | Sewer    | Reached XP level 6. HP: 37/66 MP: 6/6
  2680 | Sewer    | Reached *** piety under Trog
  2764 | Sewer    | Succumbed to a kobold brigand's curare-tipped dart

Illustrated notes

Levels and vault maps discovered:
D:1:      amcnicky_arrival_gap_in_the_tavern_cellar, layout_basic
D:2:      layout_rooms, serial_shops, nicolae_shop_window_shopping
D:3:      layout_basic, mainiacjoe_overflow_24_doors, mainiacjoe_overflow_paths,
          nicolae_overflow_two_pavilions, gammafunk_ghost_mausoleum,
          portal_sewer_entry_e, uniq_sigmund
Sewer:    sewer_minmay_treatment

Skill      XL: |  1  2  3  4  5 |
---------------+----------------+-----
Maces & Flails | 3 4 |  4.5
Dodging        | 3 |  3.8
Armour         | 1 |  1.3
Fighting       | 5 |  5.3

Action                     |  1- 3 |  4- 6 || total
---------------------------+-------+-------++-------
  Melee: Mace              |    85 |   149 ||   234
    Use: Scroll            |       |     7 ||     7
         Potion            |       |     4 ||     4
 Armour: Animal skin       |    21 |    54 ||    75
         Skin              |       |     6 ||     6
  Dodge: Dodged            |    49 |    93 ||   142

Table legend: (Time is in decaauts)
 A = Elapsed time spent in this place.
 B = Non-inter-level travel time spent in this place.
 C = Inter-level travel time spent in this place.
 D = Time resting spent in this place.
 E = Time spent auto-exploring this place.
 F = Levels seen in this place.
 G = Mean time per level.
                   A        B        C        D        E       F      G
               +--------+--------+--------+--------+--------+-----+--------+
         Total |   2879 |   2651 |    228 |      0 |   2083 |   4 |  719.8 |
       Dungeon |   2175 |   1947 |    228 |      0 |   1604 |   3 |  725.0 |
         Sewer |    703 |    703 |      0 |      0 |    479 |   1 |  703.0 |
               +--------+--------+--------+--------+--------+-----+--------+

Top non-repeatable levels by time:
     D:1: 1083 daAuts
     D:2: 816 daAuts
   Sewer: 703 daAuts
     D:3: 276 daAuts
